 Dungeon Crawl Stone Soup version 0.28-a0-730-g892d06dc2c (webtiles) character file.

Game seed: 5505906713468608368

0 spiderkeys the Skirmisher (level 1, -6/14 HPs)
             Began as a Kobold Abyssal Knight on Oct 28, 2021.
             Was a Follower of Lugonu.
             Mangled by a spriggan defender skeleton (7 damage)
             ... on level 1 of the Abyss.
             The game lasted 00:01:43 (380 turns).

spiderkeys the Skirmisher (Kobold Abyssal Knight)    Turns: 380, Time: 00:01:44

Health: -6/14      AC:  4    Str: 10    XL:     1   Next: 0%
Magic:  2/2        EV: 14    Int: 11    God:    Lugonu [*.....]
Gold:   0          SH:  0    Dex: 15    Spells: 0/0 levels left

rFire   . . .      SeeInvis .   a - +2 short sword
rCold   . . .      Faith    .   (shield restricted)
rNeg    . . .      Spirit   .   b - +0 leather armour
rPois   .          Reflect  .   (no helmet)
rElec   .          Harm     .   c - +0 cloak
rCorr   .          Rampage  .   (no gloves)
Will    .....                   (no boots)
Stlth   ++........              (no amulet)
HPRegen 0.04/turn               (no ring)
MPRegen 0.08/turn               (no ring)

@: no status effects
A: small, no large weapons, nightstalker 3
a: Renounce Religion, Depart the Abyss


You were on level 1 of the Abyss.
You worshipped Lugonu.
Lugonu was aware of your devotion.
You visited 0 branches of the dungeon, and saw 0 of its levels.
You visited the Abyss 1 time.


Innate Abilities, Weirdness & Mutations

You are small and have problems with some larger weapons.
You are completely attuned to the shadows.


   Skills:
 + Level 3.2 Fighting
 + Level 2.6 Short Blades
 + Level 0.7 Armour
 + Level 2.4 Dodging
 + Level 2.0 Invocations


You couldn't memorise any spells.
You didn't know any spells.
Your spell library was empty.

Inventory:

Hand Weapons
 a - a +2 short sword (weapon)
Armour
 b - a +0 leather armour (worn)
 c - a +0 cloak (worn)
   (You found it on level 1 of the Abyss)
Potions
 d - a potion of flight {unknown}

Dungeon Overview and Level Annotations

Branches:
Dungeon (0/15)

Altars:

..# .. ..
..####. #....# .
##.#@#.. #...Z.#
#...ยง.#.#
#...#....# #
..#..##.#x# #
ยง##.##.#.#.#.##
....#.#...## .
...#..#.##.. .#.
. .#.#.# . ....


You could see an ancient zyme and a spriggan defender skeleton.


Message History

๐Ÿค– Initializing magus.rc ... โœ… Successfully initialized magus.rc [v1.9.10] Welcome, spiderkeys the Kobold Abyssal Knight.
You feel drawn to the Orb of Zot, downwards into the unfathomable depths...
Lugonu says: Depart the Abyss and spread corruption, my servant! (use the ability menu to exit the Abyss) Press ? for a list of commands and other information.
Found a corrupted altar of Lugonu.
You enter the shallow water.
Moving in this stuff is going to be slow.
You enter the shallow water.
Moving in this stuff is going to be slow.
c - a +0 cloak
Found a gateway leading out of the Abyss.
d - a clear potion You start putting on your armour.
You continue putting on your +0 cloak. x4
You finish putting on your +0 cloak.
A thrashing horror comes into view.
A tentacled starspawn comes into view.
A starcursed mass comes into view.
Tentacles burst from the starspawn's body! 2 starspawn tentacles come into view.
The starspawn tentacle completely misses you.
A large abomination comes into view.
A starcursed mass comes into view.
A chaos spawn comes into view.
A starcursed mass splits.
A starcursed mass splits.
The starcursed mass shrieks in your mind.
Ouch! That really hurt!
* * * LOW HITPOINT WARNING * * *
๐Ÿ˜จ HP[-8]
You take 8 damage, and now have 6/14 hp.
MASSIVE DAMAGE!! (PAUSE)
A neqoxec comes into view.
A white very ugly thing comes into view.
A large abomination comes into view. ๐Ÿ˜จ HP[+1]
A large abomination comes into view.
You aren't carrying any scrolls. ๐Ÿ˜ฎ HP[+1]
A large abomination comes into view.
A will-o-the-wisp comes into view. ๐Ÿ˜ฎ HP[+1]
A smoke demon comes into view. ๐Ÿ˜ฎ HP[+1] ๐Ÿ˜• HP[+1]
A spriggan defender zombie comes into view.
The spriggan defender zombie moves out of view.
A small abomination comes into view. ๐Ÿ˜• HP[+1]
A spriggan defender skeleton comes into view.
The spriggan defender skeleton completely misses you.
You see here a scroll labelled UDIHIB COITHA.
As you read the scroll labelled UDIHIB COITHA, it crumbles to dust.
It is a scroll of enchant weapon.
Your +1 short sword glows red for a moment. ๐Ÿ˜• HP[+1]
The spriggan defender skeleton hits you. ๐Ÿ˜ฎ HP[-5]
You take 5 damage, and now have 8/14 hp.
MASSIVE DAMAGE!! (PAUSE)
The spriggan defender skeleton hits you but does no damage.
The spriggan defender skeleton hits you.
* * * LOW HITPOINT WARNING * * *
๐Ÿ˜จ HP[-2]
You take 2 damage, and now have 6/14 hp.
The spriggan defender skeleton closely misses you.
The spriggan defender skeleton hits you.
* * * LOW HITPOINT WARNING * * *
An ancient zyme comes into view.
You feel yourself growing ill in the presence of the ancient zyme. ๐Ÿ˜ฑ HP[-5]
You take 5 damage, and now have 1/14 hp.
MASSIVE DAMAGE!! (PAUSE)
The spriggan defender skeleton hits you but does no damage.
The spriggan defender skeleton hits you!
Ouch! That really hurt!
You die...

Action                   || total
-------------------------++-------
  Use: Scroll            ||     1
Armor: Leather armour    ||     2
Dodge: Dodged            ||     3

Levels and vault maps discovered:
Abyss:1:  base: Temple, evilmike_abyss_exit_kraken, base: Temple,
          guppyfry_abyss_exit_imp_island, evilmike_abyss_exit_mutagenic,
          evilmike_abyss_exit_plants

Notes
Turn   | Place    | Note
-------+----------+-------------------------------------------
     0 | Abyss:1  | spiderkeys the Kobold Abyssal Knight began the quest for
                  | the Orb.
     0 | Abyss:1  | Reached XP level 1. HP: 14/14 MP: 2/2
     0 | Abyss:1  | magus.rc [v1.9.10]
   100 | Abyss:1  | Noticed a thrashing horror
   122 | Abyss:1  | Noticed a tentacled starspawn
   124 | Abyss:1  | Noticed a starcursed mass
   148 | Abyss:1  | Noticed a large abomination
   154 | Abyss:1  | Noticed a starcursed mass
   166 | Abyss:1  | Noticed a chaos spawn
   169 | Abyss:1  | Noticed a starcursed mass
   201 | Abyss:1  | Noticed a neqoxec
   220 | Abyss:1  | Noticed a white very ugly thing
   221 | Abyss:1  | Noticed a large abomination
   228 | Abyss:1  | Noticed a large abomination
   252 | Abyss:1  | Noticed a large abomination
   253 | Abyss:1  | Noticed a will-o-the-wisp
   286 | Abyss:1  | Noticed a smoke demon
   340 | Abyss:1  | Noticed a spriggan defender zombie
   342 | Abyss:1  | Noticed a small abomination
   368 | Abyss:1  | Noticed a spriggan defender skeleton
   378 | Abyss:1  | HP: 1/14 [spriggan defender skeleton (5)]
   378 | Abyss:1  | Noticed an ancient zyme
   380 | Abyss:1  | Mangled by a spriggan defender skeleton

Vanquished Creatures (others)
  2 starspawn tentacles (Abyss:1)
2 creatures vanquished.

Table legend:
 A = Non-vault XP
 B = Vault XP
 C = Vault XP percentage of total XP
 D = Non-vault monster count
 E = Vault monster count
 F = Vault count percentage of total count
                 A         B        C        D         E       F
            +---------+---------+-------+---------+---------+-------
      Total |       0 |       0 |   N/A |       0 |       0 |  -nan
            +---------+---------+-------+---------+---------+-------
            +---------+---------+-------+---------+---------+-------

Illustrated notes

Table legend: (Time is in decaauts)
 A = Elapsed time spent in this place.
 B = Non-inter-level travel time spent in this place.
 C = Inter-level travel time spent in this place.
 D = Time resting spent in this place.
 E = Time spent auto-exploring this place.
 F = Levels seen in this place.
 G = Mean time per level.
                   A        B        C        D        E       F      G
               +--------+--------+--------+--------+--------+-----+--------+
         Total |    382 |    382 |      0 |      0 |     94 |   1 |  382.0 |
         Abyss |    382 |    382 |      0 |      0 |     94 |   1 |  382.0 |
               +--------+--------+--------+--------+--------+-----+--------+

Top non-repeatable levels by time:
 Abyss:1: 382 daAuts
